%YAML 1.1
%TAG !u! tag:unity3d.com,2011:
--- !u!114 &6097294650709784602
MonoBehaviour:
  m_ObjectHideFlags: 0
  m_CorrespondingSourceObject: {fileID: 0}
  m_PrefabInstance: {fileID: 0}
  m_PrefabAsset: {fileID: 0}
  m_GameObject: {fileID: 762025400211768842}
  m_Enabled: 1
  m_EditorHideFlags: 0
  m_Script: {fileID: 11500000, guid: a9a5258e448bd9642b69a1262a148894, type: 3}
  m_Name: 
  m_EditorClassIdentifier: 
  projectile: {fileID: 8391882621853415366, guid: 97d960b53193447489d4ef6c00b184b9,
    type: 3}
  firepoint: {fileID: 7906196708278490465}
--- !u!114 &2240728263020874915
MonoBehaviour:
  m_ObjectHideFlags: 0
  m_CorrespondingSourceObject: {fileID: 0}
  m_PrefabInstance: {fileID: 0}
  m_PrefabAsset: {fileID: 0}
  m_GameObject: {fileID: 1040861855772268050}
  m_Enabled: 1
  m_EditorHideFlags: 0
  m_Script: {fileID: 11500000, guid: 0e216522bcfe2ed41921ce933b1134ca, type: 3}
  m_Name: 
  m_EditorClassIdentifier: 
  aiState: 0
  agent: {fileID: 0}
  anim: {fileID: 6284982635873633994}
  waypoints: []
  targetMaxRadius: 20
  targetTransform: {fileID: 0}
  turnRate: 5
--- !u!1 &7704748033786955872
GameObject:
  m_ObjectHideFlags: 0
  m_CorrespondingSourceObject: {fileID: 0}
  m_PrefabInstance: {fileID: 0}
  m_PrefabAsset: {fileID: 0}
  serializedVersion: 6
  m_Component:
  - component: {fileID: 7906196708278490465}
  m_Layer: 10
  m_Name: firepoint
  m_TagString: Untagged
  m_Icon: {fileID: 0}
  m_NavMeshLayer: 0
  m_StaticEditorFlags: 0
  m_IsActive: 1
--- !u!4 &7906196708278490465
Transform:
  m_ObjectHideFlags: 0
  m_CorrespondingSourceObject: {fileID: 0}
  m_PrefabInstance: {fileID: 0}
  m_PrefabAsset: {fileID: 0}
  m_GameObject: {fileID: 7704748033786955872}
  m_LocalRotation: {x: 0, y: 0, z: 0, w: 1}
  m_LocalPosition: {x: 0, y: 1.308, z: 0.909}
  m_LocalScale: {x: 1, y: 1, z: 1}
  m_Children: []
  m_Father: {fileID: 1040861855772268045}
  m_RootOrder: 2
  m_LocalEulerAnglesHint: {x: 0, y: 0, z: 0}
--- !u!1001 &1793411744013860082
PrefabInstance:
  m_ObjectHideFlags: 0
  serializedVersion: 2
  m_Modification:
    m_TransformParent: {fileID: 0}
    m_Modifications:
    - target: {fileID: 706281327, guid: 5d63222202711bd449fbddebf1ec8d9e, type: 3}
      propertyPath: m_AngularSpeed
      value: 300
      objectReference: {fileID: 0}
    - target: {fileID: 706281327, guid: 5d63222202711bd449fbddebf1ec8d9e, type: 3}
      propertyPath: m_Acceleration
      value: 140
      objectReference: {fileID: 0}
    - target: {fileID: 236272649226337949, guid: 5d63222202711bd449fbddebf1ec8d9e,
        type: 3}
      propertyPath: m_Layer
      value: 10
      objectReference: {fileID: 0}
    - target: {fileID: 259860375492350448, guid: 5d63222202711bd449fbddebf1ec8d9e,
        type: 3}
      propertyPath: m_Layer
      value: 10
      objectReference: {fileID: 0}
    - target: {fileID: 533692544368854470, guid: 5d63222202711bd449fbddebf1ec8d9e,
        type: 3}
      propertyPath: m_Layer
      value: 10
      objectReference: {fileID: 0}
    - target: {fileID: 680374841077135138, guid: 5d63222202711bd449fbddebf1ec8d9e,
        type: 3}
      propertyPath: m_Layer
      value: 10
      objectReference: {fileID: 0}
    - target: {fileID: 794953872758729490, guid: 5d63222202711bd449fbddebf1ec8d9e,
        type: 3}
      propertyPath: m_Layer
      value: 10
      objectReference: {fileID: 0}
    - target: {fileID: 874860497553944644, guid: 5d63222202711bd449fbddebf1ec8d9e,
        type: 3}
      propertyPath: m_Layer
      value: 10
      objectReference: {fileID: 0}
    - target: {fileID: 1032908932152470173, guid: 5d63222202711bd449fbddebf1ec8d9e,
        type: 3}
      propertyPath: m_Layer
      value: 10
      objectReference: {fileID: 0}
    - target: {fileID: 1215759979646168796, guid: 5d63222202711bd449fbddebf1ec8d9e,
        type: 3}
      propertyPath: m_Layer
      value: 10
      objectReference: {fileID: 0}
    - target: {fileID: 1275733824627988899, guid: 5d63222202711bd449fbddebf1ec8d9e,
        type: 3}
      propertyPath: m_Layer
      value: 10
      objectReference: {fileID: 0}
    - target: {fileID: 1328623921624726264, guid: 5d63222202711bd449fbddebf1ec8d9e,
        type: 3}
      propertyPath: m_Layer
      value: 10
      objectReference: {fileID: 0}
    - target: {fileID: 1626529735093255959, guid: 5d63222202711bd449fbddebf1ec8d9e,
        type: 3}
      propertyPath: m_Layer
      value: 10
      objectReference: {fileID: 0}
    - target: {fileID: 1626529736160897760, guid: 5d63222202711bd449fbddebf1ec8d9e,
        type: 3}
      propertyPath: m_Name
      value: pf_RadiantRange
      objectReference: {fileID: 0}
    - target: {fileID: 1626529736160897760, guid: 5d63222202711bd449fbddebf1ec8d9e,
        type: 3}
      propertyPath: m_Layer
      value: 10
      objectReference: {fileID: 0}
    - target: {fileID: 1626529736160897789, guid: 5d63222202711bd449fbddebf1ec8d9e,
        type: 3}
      propertyPath: types
      value: 1
      objectReference: {fileID: 0}
    - target: {fileID: 1626529736160897789, guid: 5d63222202711bd449fbddebf1ec8d9e,
        type: 3}
      propertyPath: damage
      value: 24
      objectReference: {fileID: 0}
    - target: {fileID: 1626529736160897789, guid: 5d63222202711bd449fbddebf1ec8d9e,
        type: 3}
      propertyPath: mana
      value: 500
      objectReference: {fileID: 0}
    - target: {fileID: 1626529736160897789, guid: 5d63222202711bd449fbddebf1ec8d9e,
        type: 3}
      propertyPath: bountyReward
      value: 52
      objectReference: {fileID: 0}
    - target: {fileID: 1626529736160897789, guid: 5d63222202711bd449fbddebf1ec8d9e,
        type: 3}
      propertyPath: statGain
      value: 0.022
      objectReference: {fileID: 0}
    - target: {fileID: 1626529736160897789, guid: 5d63222202711bd449fbddebf1ec8d9e,
        type: 3}
      propertyPath: upgradeCount
      value: 0
      objectReference: {fileID: 0}
    - target: {fileID: 1626529736160897789, guid: 5d63222202711bd449fbddebf1ec8d9e,
        type: 3}
      propertyPath: health
      value: 300
      objectReference: {fileID: 0}
    - target: {fileID: 1626529736160897789, guid: 5d63222202711bd449fbddebf1ec8d9e,
        type: 3}
      propertyPath: armor
      value: 0
      objectReference: {fileID: 0}
    - target: {fileID: 1626529736160897789, guid: 5d63222202711bd449fbddebf1ec8d9e,
        type: 3}
      propertyPath: expReward
      value: 69
      objectReference: {fileID: 0}
    - target: {fileID: 1626529736160897790, guid: 5d63222202711bd449fbddebf1ec8d9e,
        type: 3}
      propertyPath: m_Constraints
      value: 112
      objectReference: {fileID: 0}
    - target: {fileID: 1626529736160897790, guid: 5d63222202711bd449fbddebf1ec8d9e,
        type: 3}
      propertyPath: m_UseGravity
      value: 0
      objectReference: {fileID: 0}
    - target: {fileID: 1626529736160897790, guid: 5d63222202711bd449fbddebf1ec8d9e,
        type: 3}
      propertyPath: m_IsKinematic
      value: 1
      objectReference: {fileID: 0}
    - target: {fileID: 1626529736160897791, guid: 5d63222202711bd449fbddebf1ec8d9e,
        type: 3}
      propertyPath: m_LocalPosition.x
      value: 0
      objectReference: {fileID: 0}
    - target: {fileID: 1626529736160897791, guid: 5d63222202711bd449fbddebf1ec8d9e,
        type: 3}
      propertyPath: m_LocalPosition.y
      value: 0
      objectReference: {fileID: 0}
    - target: {fileID: 1626529736160897791, guid: 5d63222202711bd449fbddebf1ec8d9e,
        type: 3}
      propertyPath: m_LocalPosition.z
      value: 0
      objectReference: {fileID: 0}
    - target: {fileID: 1626529736160897791, guid: 5d63222202711bd449fbddebf1ec8d9e,
        type: 3}
      propertyPath: m_LocalRotation.x
      value: 0
      objectReference: {fileID: 0}
    - target: {fileID: 1626529736160897791, guid: 5d63222202711bd449fbddebf1ec8d9e,
        type: 3}
      propertyPath: m_LocalRotation.y
      value: 0
      objectReference: {fileID: 0}
    - target: {fileID: 1626529736160897791, guid: 5d63222202711bd449fbddebf1ec8d9e,
        type: 3}
      propertyPath: m_LocalRotation.z
      value: 0
      objectReference: {fileID: 0}
    - target: {fileID: 1626529736160897791, guid: 5d63222202711bd449fbddebf1ec8d9e,
        type: 3}
      propertyPath: m_LocalRotation.w
      value: 1
      objectReference: {fileID: 0}
    - target: {fileID: 1626529736160897791, guid: 5d63222202711bd449fbddebf1ec8d9e,
        type: 3}
      propertyPath: m_RootOrder
      value: 0
      objectReference: {fileID: 0}
    - target: {fileID: 1626529736160897791, guid: 5d63222202711bd449fbddebf1ec8d9e,
        type: 3}
      propertyPath: m_LocalEulerAnglesHint.x
      value: 0
      objectReference: {fileID: 0}
    - target: {fileID: 1626529736160897791, guid: 5d63222202711bd449fbddebf1ec8d9e,
        type: 3}
      propertyPath: m_LocalEulerAnglesHint.y
      value: 0
      objectReference: {fileID: 0}
    - target: {fileID: 1626529736160897791, guid: 5d63222202711bd449fbddebf1ec8d9e,
        type: 3}
      propertyPath: m_LocalEulerAnglesHint.z
      value: 0
      objectReference: {fileID: 0}
    - target: {fileID: 1949614542808002441, guid: 5d63222202711bd449fbddebf1ec8d9e,
        type: 3}
      propertyPath: m_Layer
      value: 10
      objectReference: {fileID: 0}
    - target: {fileID: 2066716550099060207, guid: 5d63222202711bd449fbddebf1ec8d9e,
        type: 3}
      propertyPath: m_Layer
      value: 10
      objectReference: {fileID: 0}
    - target: {fileID: 2202757927223413072, guid: 5d63222202711bd449fbddebf1ec8d9e,
        type: 3}
      propertyPath: m_Layer
      value: 10
      objectReference: {fileID: 0}
    - target: {fileID: 2306208117360412923, guid: 5d63222202711bd449fbddebf1ec8d9e,
        type: 3}
      propertyPath: m_Layer
      value: 10
      objectReference: {fileID: 0}
    - target: {fileID: 2364408010315435621, guid: 5d63222202711bd449fbddebf1ec8d9e,
        type: 3}
      propertyPath: m_Layer
      value: 10
      objectReference: {fileID: 0}
    - target: {fileID: 2418679963021072500, guid: 5d63222202711bd449fbddebf1ec8d9e,
        type: 3}
      propertyPath: m_Layer
      value: 10
      objectReference: {fileID: 0}
    - target: {fileID: 2528151320315933956, guid: 5d63222202711bd449fbddebf1ec8d9e,
        type: 3}
      propertyPath: m_Layer
      value: 10
      objectReference: {fileID: 0}
    - target: {fileID: 2607296659411267043, guid: 5d63222202711bd449fbddebf1ec8d9e,
        type: 3}
      propertyPath: m_Layer
      value: 10
      objectReference: {fileID: 0}
    - target: {fileID: 2629120388539925760, guid: 5d63222202711bd449fbddebf1ec8d9e,
        type: 3}
      propertyPath: m_Layer
      value: 10
      objectReference: {fileID: 0}
    - target: {fileID: 2857156517750270616, guid: 5d63222202711bd449fbddebf1ec8d9e,
        type: 3}
      propertyPath: m_Layer
      value: 10
      objectReference: {fileID: 0}
    - target: {fileID: 2917273071609729762, guid: 5d63222202711bd449fbddebf1ec8d9e,
        type: 3}
      propertyPath: m_Layer
      value: 10
      objectReference: {fileID: 0}
    - target: {fileID: 2978615670576394961, guid: 5d63222202711bd449fbddebf1ec8d9e,
        type: 3}
      propertyPath: m_Layer
      value: 10
      objectReference: {fileID: 0}
    - target: {fileID: 2997104466955664565, guid: 5d63222202711bd449fbddebf1ec8d9e,
        type: 3}
      propertyPath: m_Layer
      value: 10
      objectReference: {fileID: 0}
    - target: {fileID: 3122074559504170138, guid: 5d63222202711bd449fbddebf1ec8d9e,
        type: 3}
      propertyPath: m_Layer
      value: 10
      objectReference: {fileID: 0}
    - target: {fileID: 3197616137136891710, guid: 5d63222202711bd449fbddebf1ec8d9e,
        type: 3}
      propertyPath: m_Layer
      value: 10
      objectReference: {fileID: 0}
    - target: {fileID: 3213461633537062304, guid: 5d63222202711bd449fbddebf1ec8d9e,
        type: 3}
      propertyPath: m_Layer
      value: 10
      objectReference: {fileID: 0}
    - target: {fileID: 3422584062149834161, guid: 5d63222202711bd449fbddebf1ec8d9e,
        type: 3}
      propertyPath: m_Layer
      value: 10
      objectReference: {fileID: 0}
    - target: {fileID: 3459914621198230063, guid: 5d63222202711bd449fbddebf1ec8d9e,
        type: 3}
      propertyPath: m_Layer
      value: 10
      objectReference: {fileID: 0}
    - target: {fileID: 3602079232455421039, guid: 5d63222202711bd449fbddebf1ec8d9e,
        type: 3}
      propertyPath: m_Controller
      value: 
      objectReference: {fileID: 9100000, guid: eb9087dbeace9db4a872cedf20288dd8, type: 2}
    - target: {fileID: 3813661044304414121, guid: 5d63222202711bd449fbddebf1ec8d9e,
        type: 3}
      propertyPath: m_Layer
      value: 10
      objectReference: {fileID: 0}
    - target: {fileID: 3817769747609530971, guid: 5d63222202711bd449fbddebf1ec8d9e,
        type: 3}
      propertyPath: m_Layer
      value: 10
      objectReference: {fileID: 0}
    - target: {fileID: 3833784034393722244, guid: 5d63222202711bd449fbddebf1ec8d9e,
        type: 3}
      propertyPath: m_Layer
      value: 10
      objectReference: {fileID: 0}
    - target: {fileID: 3838058661854128365, guid: 5d63222202711bd449fbddebf1ec8d9e,
        type: 3}
      propertyPath: m_Layer
      value: 10
      objectReference: {fileID: 0}
    - target: {fileID: 3929486410499027565, guid: 5d63222202711bd449fbddebf1ec8d9e,
        type: 3}
      propertyPath: m_Layer
      value: 10
      objectReference: {fileID: 0}
    - target: {fileID: 4020335150244826480, guid: 5d63222202711bd449fbddebf1ec8d9e,
        type: 3}
      propertyPath: m_Layer
      value: 10
      objectReference: {fileID: 0}
    - target: {fileID: 4119026632069481892, guid: 5d63222202711bd449fbddebf1ec8d9e,
        type: 3}
      propertyPath: m_Layer
      value: 10
      objectReference: {fileID: 0}
    - target: {fileID: 4152674910358724260, guid: 5d63222202711bd449fbddebf1ec8d9e,
        type: 3}
      propertyPath: m_Radius
      value: 0.7
      objectReference: {fileID: 0}
    - target: {fileID: 4152674910358724260, guid: 5d63222202711bd449fbddebf1ec8d9e,
        type: 3}
      propertyPath: m_Height
      value: 2.45
      objectReference: {fileID: 0}
    - target: {fileID: 4227559358467985776, guid: 5d63222202711bd449fbddebf1ec8d9e,
        type: 3}
      propertyPath: m_Layer
      value: 10
      objectReference: {fileID: 0}
    - target: {fileID: 4260107258114615976, guid: 5d63222202711bd449fbddebf1ec8d9e,
        type: 3}
      propertyPath: m_Layer
      value: 10
      objectReference: {fileID: 0}
    - target: {fileID: 4418837081057922135, guid: 5d63222202711bd449fbddebf1ec8d9e,
        type: 3}
      propertyPath: m_Layer
      value: 10
      objectReference: {fileID: 0}
    - target: {fileID: 4527424682257907108, guid: 5d63222202711bd449fbddebf1ec8d9e,
        type: 3}
      propertyPath: m_Layer
      value: 10
      objectReference: {fileID: 0}
    - target: {fileID: 4960237953068008933, guid: 5d63222202711bd449fbddebf1ec8d9e,
        type: 3}
      propertyPath: m_Layer
      value: 10
      objectReference: {fileID: 0}
    - target: {fileID: 5200206655914796536, guid: 5d63222202711bd449fbddebf1ec8d9e,
        type: 3}
      propertyPath: m_Layer
      value: 10
      objectReference: {fileID: 0}
    - target: {fileID: 5448114729052877602, guid: 5d63222202711bd449fbddebf1ec8d9e,
        type: 3}
      propertyPath: m_Layer
      value: 10
      objectReference: {fileID: 0}
    - target: {fileID: 5452253497902340203, guid: 5d63222202711bd449fbddebf1ec8d9e,
        type: 3}
      propertyPath: m_Layer
      value: 10
      objectReference: {fileID: 0}
    - target: {fileID: 5608653423704482142, guid: 5d63222202711bd449fbddebf1ec8d9e,
        type: 3}
      propertyPath: m_Layer
      value: 10
      objectReference: {fileID: 0}
    - target: {fileID: 5754408533827959352, guid: 5d63222202711bd449fbddebf1ec8d9e,
        type: 3}
      propertyPath: m_Controller
      value: 
      objectReference: {fileID: 9100000, guid: 300d75b7651f959458b569b38b097034, type: 2}
    - target: {fileID: 5754408533827959352, guid: 5d63222202711bd449fbddebf1ec8d9e,
        type: 3}
      propertyPath: m_ApplyRootMotion
      value: 0
      objectReference: {fileID: 0}
    - target: {fileID: 5792883898768488820, guid: 5d63222202711bd449fbddebf1ec8d9e,
        type: 3}
      propertyPath: m_Layer
      value: 10
      objectReference: {fileID: 0}
    - target: {fileID: 5839705644458745899, guid: 5d63222202711bd449fbddebf1ec8d9e,
        type: 3}
      propertyPath: m_Layer
      value: 10
      objectReference: {fileID: 0}
    - target: {fileID: 6049351212300827471, guid: 5d63222202711bd449fbddebf1ec8d9e,
        type: 3}
      propertyPath: m_Layer
      value: 10
      objectReference: {fileID: 0}
    - target: {fileID: 6193720544946623807, guid: 5d63222202711bd449fbddebf1ec8d9e,
        type: 3}
      propertyPath: m_Layer
      value: 10
      objectReference: {fileID: 0}
    - target: {fileID: 6458485596702421909, guid: 5d63222202711bd449fbddebf1ec8d9e,
        type: 3}
      propertyPath: m_Layer
      value: 10
      objectReference: {fileID: 0}
    - target: {fileID: 6489702903814053109, guid: 5d63222202711bd449fbddebf1ec8d9e,
        type: 3}
      propertyPath: m_Layer
      value: 10
      objectReference: {fileID: 0}
    - target: {fileID: 6685648784210424053, guid: 5d63222202711bd449fbddebf1ec8d9e,
        type: 3}
      propertyPath: m_Layer
      value: 10
      objectReference: {fileID: 0}
    - target: {fileID: 6732445739789216481, guid: 5d63222202711bd449fbddebf1ec8d9e,
        type: 3}
      propertyPath: m_Layer
      value: 10
      objectReference: {fileID: 0}
    - target: {fileID: 6860679968436722198, guid: 5d63222202711bd449fbddebf1ec8d9e,
        type: 3}
      propertyPath: m_Layer
      value: 10
      objectReference: {fileID: 0}
    - target: {fileID: 6935927466377774101, guid: 5d63222202711bd449fbddebf1ec8d9e,
        type: 3}
      propertyPath: m_Layer
      value: 10
      objectReference: {fileID: 0}
    - target: {fileID: 7130244392925468973, guid: 5d63222202711bd449fbddebf1ec8d9e,
        type: 3}
      propertyPath: m_Layer
      value: 10
      objectReference: {fileID: 0}
    - target: {fileID: 7177208187269737390, guid: 5d63222202711bd449fbddebf1ec8d9e,
        type: 3}
      propertyPath: m_Layer
      value: 10
      objectReference: {fileID: 0}
    - target: {fileID: 7195947425421135255, guid: 5d63222202711bd449fbddebf1ec8d9e,
        type: 3}
      propertyPath: m_Layer
      value: 10
      objectReference: {fileID: 0}
    - target: {fileID: 7272796537266303530, guid: 5d63222202711bd449fbddebf1ec8d9e,
        type: 3}
      propertyPath: m_Layer
      value: 10
      objectReference: {fileID: 0}
    - target: {fileID: 7297623298008447062, guid: 5d63222202711bd449fbddebf1ec8d9e,
        type: 3}
      propertyPath: m_Layer
      value: 10
      objectReference: {fileID: 0}
    - target: {fileID: 7413668047968397958, guid: 5d63222202711bd449fbddebf1ec8d9e,
        type: 3}
      propertyPath: m_Layer
      value: 10
      objectReference: {fileID: 0}
    - target: {fileID: 7720130602838658874, guid: 5d63222202711bd449fbddebf1ec8d9e,
        type: 3}
      propertyPath: m_Layer
      value: 10
      objectReference: {fileID: 0}
    - target: {fileID: 8131196082632725080, guid: 5d63222202711bd449fbddebf1ec8d9e,
        type: 3}
      propertyPath: m_Layer
      value: 10
      objectReference: {fileID: 0}
    - target: {fileID: 8206933430701484682, guid: 5d63222202711bd449fbddebf1ec8d9e,
        type: 3}
      propertyPath: m_Layer
      value: 10
      objectReference: {fileID: 0}
    - target: {fileID: 8252779996282284067, guid: 5d63222202711bd449fbddebf1ec8d9e,
        type: 3}
      propertyPath: m_Layer
      value: 10
      objectReference: {fileID: 0}
    - target: {fileID: 8456605644495307332, guid: 5d63222202711bd449fbddebf1ec8d9e,
        type: 3}
      propertyPath: m_Layer
      value: 10
      objectReference: {fileID: 0}
    - target: {fileID: 8502279640801047126, guid: 5d63222202711bd449fbddebf1ec8d9e,
        type: 3}
      propertyPath: m_Layer
      value: 10
      objectReference: {fileID: 0}
    - target: {fileID: 8510219777080692800, guid: 5d63222202711bd449fbddebf1ec8d9e,
        type: 3}
      propertyPath: m_Layer
      value: 10
      objectReference: {fileID: 0}
    - target: {fileID: 8569605007187578856, guid: 5d63222202711bd449fbddebf1ec8d9e,
        type: 3}
      propertyPath: m_Layer
      value: 10
      objectReference: {fileID: 0}
    - target: {fileID: 8683226919843717641, guid: 5d63222202711bd449fbddebf1ec8d9e,
        type: 3}
      propertyPath: m_Layer
      value: 10
      objectReference: {fileID: 0}
    - target: {fileID: 8788220686905984205, guid: 5d63222202711bd449fbddebf1ec8d9e,
        type: 3}
      propertyPath: m_Layer
      value: 10
      objectReference: {fileID: 0}
    - target: {fileID: 9052256595606897437, guid: 5d63222202711bd449fbddebf1ec8d9e,
        type: 3}
      propertyPath: m_Layer
      value: 10
      objectReference: {fileID: 0}
    m_RemovedComponents: []
  m_SourcePrefab: {fileID: 100100000, guid: 5d63222202711bd449fbddebf1ec8d9e, type: 3}
--- !u!1 &1040861855772268050 stripped
GameObject:
  m_CorrespondingSourceObject: {fileID: 1626529736160897760, guid: 5d63222202711bd449fbddebf1ec8d9e,
    type: 3}
  m_PrefabInstance: {fileID: 1793411744013860082}
  m_PrefabAsset: {fileID: 0}
--- !u!4 &1040861855772268045 stripped
Transform:
  m_CorrespondingSourceObject: {fileID: 1626529736160897791, guid: 5d63222202711bd449fbddebf1ec8d9e,
    type: 3}
  m_PrefabInstance: {fileID: 1793411744013860082}
  m_PrefabAsset: {fileID: 0}
--- !u!1 &762025400211768842 stripped
GameObject:
  m_CorrespondingSourceObject: {fileID: 1328623921624726264, guid: 5d63222202711bd449fbddebf1ec8d9e,
    type: 3}
  m_PrefabInstance: {fileID: 1793411744013860082}
  m_PrefabAsset: {fileID: 0}
--- !u!95 &6284982635873633994 stripped
Animator:
  m_CorrespondingSourceObject: {fileID: 5754408533827959352, guid: 5d63222202711bd449fbddebf1ec8d9e,
    type: 3}
  m_PrefabInstance: {fileID: 1793411744013860082}
  m_PrefabAsset: {fileID: 0}
--- !u!4 &2628006989086951781 stripped
Transform:
  m_CorrespondingSourceObject: {fileID: 4367352632452330903, guid: 5d63222202711bd449fbddebf1ec8d9e,
    type: 3}
  m_PrefabInstance: {fileID: 1793411744013860082}
  m_PrefabAsset: {fileID: 0}
--- !u!1001 &8230223320167782204
PrefabInstance:
  m_ObjectHideFlags: 0
  serializedVersion: 2
  m_Modification:
    m_TransformParent: {fileID: 2628006989086951781}
    m_Modifications:
    - target: {fileID: 204800204501363486, guid: 722aeedab4ad4b4489c243bbdd001def,
        type: 3}
      propertyPath: m_LocalPosition.x
      value: 0
      objectReference: {fileID: 0}
    - target: {fileID: 204800204501363486, guid: 722aeedab4ad4b4489c243bbdd001def,
        type: 3}
      propertyPath: m_LocalPosition.y
      value: 0
      objectReference: {fileID: 0}
    - target: {fileID: 204800204501363486, guid: 722aeedab4ad4b4489c243bbdd001def,
        type: 3}
      propertyPath: m_LocalPosition.z
      value: 0
      objectReference: {fileID: 0}
    - target: {fileID: 204800204501363486, guid: 722aeedab4ad4b4489c243bbdd001def,
        type: 3}
      propertyPath: m_LocalRotation.x
      value: 0.6466309
      objectReference: {fileID: 0}
    - target: {fileID: 204800204501363486, guid: 722aeedab4ad4b4489c243bbdd001def,
        type: 3}
      propertyPath: m_LocalRotation.y
      value: 2.1316282e-14
      objectReference: {fileID: 0}
    - target: {fileID: 204800204501363486, guid: 722aeedab4ad4b4489c243bbdd001def,
        type: 3}
      propertyPath: m_LocalRotation.z
      value: -4.0209643e-14
      objectReference: {fileID: 0}
    - target: {fileID: 204800204501363486, guid: 722aeedab4ad4b4489c243bbdd001def,
        type: 3}
      propertyPath: m_LocalRotation.w
      value: 0.7628031
      objectReference: {fileID: 0}
    - target: {fileID: 204800204501363486, guid: 722aeedab4ad4b4489c243bbdd001def,
        type: 3}
      propertyPath: m_RootOrder
      value: 0
      objectReference: {fileID: 0}
    - target: {fileID: 204800204501363486, guid: 722aeedab4ad4b4489c243bbdd001def,
        type: 3}
      propertyPath: m_LocalEulerAnglesHint.x
      value: 80.576
      objectReference: {fileID: 0}
    - target: {fileID: 204800204501363486, guid: 722aeedab4ad4b4489c243bbdd001def,
        type: 3}
      propertyPath: m_LocalEulerAnglesHint.y
      value: 0
      objectReference: {fileID: 0}
    - target: {fileID: 204800204501363486, guid: 722aeedab4ad4b4489c243bbdd001def,
        type: 3}
      propertyPath: m_LocalEulerAnglesHint.z
      value: 0
      objectReference: {fileID: 0}
    - target: {fileID: 204800204501464894, guid: 722aeedab4ad4b4489c243bbdd001def,
        type: 3}
      propertyPath: m_Name
      value: P_bow
      objectReference: {fileID: 0}
    - target: {fileID: 204800204501464894, guid: 722aeedab4ad4b4489c243bbdd001def,
        type: 3}
      propertyPath: m_Layer
      value: 10
      objectReference: {fileID: 0}
    m_RemovedComponents: []
  m_SourcePrefab: {fileID: 100100000, guid: 722aeedab4ad4b4489c243bbdd001def, type: 3}
